 Dungeon Crawl Stone Soup version 0.30-a0-715-gdb4ae3ece1 (webtiles) character file.

Game seed: 17939499890270467351

3182 Rennog the Basher (level 9, -7/59 HPs)
             Began as a Gargoyle Fighter on Jan 23, 2023.
             Was a Believer of Okawaru.
             Mangled by a cyclops (9 damage)
             ... on level 8 of the Dungeon.
             The game lasted 00:11:59 (6148 turns).

Rennog the Basher (Gargoyle Fighter)                Turns: 6148, Time: 00:11:59

Health: -7/59      AC: 26    Str: 21      XL:     9   Next: 95%
Magic:  7/9        EV: 17    Int:  8      God:    Okawaru [**....]
Gold:   273        SH:  6    Dex: 11 (13) Spells: 8/8 levels left

rFire   . . .      SeeInvis .    s - +2 hammer (protect)
rCold   . . .      Faith    .    c - +0 buckler
rNeg    + . .      Spirit   .    b - +0 scale mail
rPois   ∞          Reflect  .    i - +0 helmet
rElec   +          Harm     .    r - +0 cloak
rCorr   .          Rampage  .    (no gloves)
Will    .....                    (no boots)
Stlth   +                        (no amulet)
HPRegen 0.29/turn                k - +5 ring of evasion
MPRegen 0.11/turn                (no ring)

@: heroic, under a protective aura, studying Armour
A: sickness immunity, AC +6, negative energy resistance 1, electricity
resistance, torment resistance 1, petrification resistance
a: Renounce Religion, Heroism


You were on level 8 of the Dungeon.
You worshipped Okawaru.
Okawaru was pleased with you.
You visited 2 branches of the dungeon, and saw 9 of its levels.
You also visited: Ossuary.

You collected 273 gold pieces.

Inventory:

Hand Weapons
 a - a +0 flail
 s - a +2 hammer of protection (weapon)
Armour
 b - a +0 scale mail (worn)
 c - a +0 buckler (worn)
 i - a +0 helmet (worn)
 r - a +0 cloak (worn)
Jewellery
 k - a +5 ring of evasion (left hand)
Scrolls
 e - a scroll of identify
 g - a scroll of noise {unknown}
 h - 2 scrolls of enchant weapon
 l - 5 scrolls of amnesia
 o - a scroll of fog
 t - a scroll of fear {unknown}
 A - a scroll of brand weapon {unknown}
Potions
 d - a potion of might
 f - 2 potions of heal wounds
 j - 3 potions of resistance
 m - 2 potions of attraction {unknown}
 n - 3 potions of mutation {unknown}
 p - 6 potions of degeneration
 q - 4 potions of curing
 u - 3 potions of magic {unknown}
 v - a potion of ambrosia {unknown}
 w - 2 potions of berserk rage {unknown}
 x - 2 potions of haste {unknown}
 z - 2 potions of lignification {unknown}


   Skills:
 * Level 7.9(12.9) Fighting
 * Level 10.0(15.0) Maces & Flails
 + Level 7.7(12.7) Armour
 - Level 1.0(6.0) Dodging
 - Level 0.5(5.5) Stealth
 + Level 5.7(10.7) Shields


You had 8 spell levels left.
You didn't know any spells.
Your spell library contained the following spells:

 Spells                   Type           Power      Damage    Failure   Level
 Beastly Appendage        Tmut           0%         N/A       75%         1
 Wereblood                Tmut           0%         N/A       86%         2
 Spider Form              Tmut/Pois      0%         N/A       98%         3
 Summon Small Mammal      Summ           Unusable   N/A       N/A         1
 Call Canine Familiar     Summ           Unusable   N/A       N/A         3
 Summon Guardian Golem    Hex/Summ       Unusable   N/A       N/A         3

Dungeon Overview and Level Annotations

Branches:
Dungeon (9/15)             Temple (1/1) D:4         Ossuary (visited)
   Lair: D:8-11         Orc: D:9-12

Altars:
Ashenzari
Cheibriados
Dithmenos
Elyvilon
Fedhas
Gozag
Hepliaklqana
Kikubaaqudgha
Makhleb
Nemelex Xobeh
Okawaru
Ru
Sif Muna
Trog
Uskayaw
Vehumet
Wu Jian
Xom
Yredelemnul
Zin
The Shining One

Shops:
D:4 *

Annotations:
D:8 Gastronok, Maggie


Innate Abilities, Weirdness & Mutations

You are immune to sickness and miasma.
Your stone body is resilient. (AC +6)
You are immune to poison.
You resist negative energy. (rN+)
You are resistant to electric shocks. (rElec)
You are resistant to unholy torment.
You are immune to petrification.


Message History

You feel your strength returning.
You feel your intelligence returning.
Your Maces & Flails skill increases to level 10!
No target in view!
z - 2 sedimented dark potions (gained 1)
Things that are here:
a +0 whip of flaming; a +1 robe; the kobold corpse of Pikel
Found a stone staircase leading down.
There is a stone staircase leading down here.
Found a scroll of identify.
e - 4 scrolls of identify (gained 1)
As you read the scroll of identify, it crumbles to dust.
h - 2 scrolls of enchant weapon
As you read the scroll of identify, it crumbles to dust.
j - 3 potions of resistance
As you read the scroll of identify, it crumbles to dust.
f - 2 potions of heal wounds
Okay, then.
A cyclops comes into view.
The cyclops shouts!
The cyclops throws a large rock.
The large rock hits you!
The cyclops throws a large rock.
The large rock hits you!!
* * * LOW HITPOINT WARNING * * *
You gain the combat prowess of a mighty hero.
Okawaru will no longer gift you throwing weapons.
You barely miss the cyclops. You hit the cyclops but do no damage.
Your weapon exudes an aura of protection.
The cyclops hits you but does no damage.
You sock the cyclops!
The cyclops is moderately wounded.
You sock the cyclops!
The cyclops is heavily wounded.
The cyclops hits you!
* * * LOW HITPOINT WARNING * * *
You hit the cyclops but do no damage.
The cyclops is heavily wounded.
You thump the cyclops!
The cyclops is severely wounded.
The cyclops hits you!
You die...

.# .# .# ### .#
#.. .# #.# .# #.#
.# #.# .# #C# .#
###### #@# .#
#....#######.#
.####.#..........#
....#.##.#########
.##.#.#### ......#
###.### ###.#
....#


You could see a cyclops.

Vanquished Creatures
  Pikel (D:8)
  2 hornets (D:9)
  Sigmund (D:3)
  A wraith (D:9)
  2 ice beasts
  A black bear (D:4)
  3 ogres
  A lemure (D:8)
  A kobold brigand (D:5)
  2 bullfrogs
  Blork the orc (D:6)
  A necrophage (D:4)
  A scorpion (D:5)
  2 water moccasin zombies (Ossuary)
  5 wights
  A howler monkey (D:6)
  2 hounds (D:5)
  A gnoll bouda (D:5)
  Crazy Yiuf (D:3)
  2 jellies
  3 orc priests
  2 iguanas (D:4)
  2 orc wizards
  2 mummies (Ossuary)
  Robin (D:3)
  6 gnolls
  6 adders
  A shadow imp (D:6)
  3 ufetubi
  8 adder zombies (Ossuary)
  2 dart slugs
  17 orcs
  4 ball pythons
  5 endoplasms
  3 giant cockroaches
  6 hobgoblins
  3 jackals (D:3)
  4 quokkas
  4 bats
  5 frilled lizards
  4 gnoll zombies (Ossuary)
  15 goblins
  3 hobgoblin zombies (Ossuary)
  11 kobolds
  A kobold zombie (Ossuary)
  7 orc zombies (Ossuary)
  3 rats
163 creatures vanquished.

Vanquished Creatures (others)
  An orc (D:8)
1 creature vanquished.

Grand Total: 164 creatures vanquished

Notes
Turn   | Place    | Note
-------+----------+-------------------------------------------
     0 | D:1      | Rennog the Gargoyle Fighter began the quest for the Orb.
     0 | D:1      | Reached XP level 1. HP: 14/14 MP: 1/1
   477 | D:1      | Reached XP level 2. HP: 19/19 MP: 2/2
  1544 | D:2      | Reached XP level 3. HP: 21/24 MP: 3/3
  1794 | D:2      | Reached skill level 3 in Maces & Flails
  2140 | D:3      | Found a glowing silver altar of Zin.
  2148 | D:3      | Reached XP level 4. HP: 29/29 MP: 4/4
  2234 | D:3      | Noticed Robin
  2250 | D:3      | Killed Robin
  2326 | D:3      | Reached skill level 4 in Maces & Flails
  2333 | D:3      | Reached XP level 5. HP: 21/33 MP: 5/5
  2620 | D:3      | Reached XP level 6. HP: 32/38 MP: 6/6
  2757 | D:3      | Noticed Sigmund
  2811 | D:3      | HP: 1/38 [something/magic dart (5)]
  3051 | D:3      | Found a runed translucent door.
  3052 | D:3      | Noticed Crazy Yiuf
  3137 | D:3      | Killed Sigmund
  3138 | D:3      | Reached skill level 5 in Maces & Flails
  3254 | D:3      | Killed Crazy Yiuf
  3318 | D:4      | Reached skill level 6 in Maces & Flails
  3318 | D:4      | Reached XP level 7. HP: 43/44 MP: 7/7
  3370 | D:4      | Found a staircase to the Ecumenical Temple.
  3379 | Temple   | Entered the Ecumenical Temple
  3455 | Temple   | Became a worshipper of Warmaster Okawaru
  3491 | D:4      | Found a sand-covered staircase.
  3496 | Ossuary  | Entered an ossuary
  3721 | D:4      | Reached skill level 7 in Maces & Flails
  3778 | D:4      | Reached XP level 8. HP: 45/48 MP: 8/8
  3927 | D:4      | Reached * piety under Okawaru
  3928 | D:4      | Reached skill level 5 in Fighting
  4067 | D:4      | Found Duareski's Neck Hole.
  4156 | D:5      | Entered Level 5 of the Dungeon
  4176 | D:5      | Reached skill level 5 in Armour
  4176 | D:5      | Reached skill level 1 in Dodging
  4329 | D:5      | Reached skill level 8 in Maces & Flails
  4464 | D:5      | Found a shimmering blue altar of Sif Muna.
  4589 | D:5      | Found an ornate altar of the Wu Jian Council.
  5207 | D:5      | Found a hazy altar of Hepliaklqana.
  5207 | D:5      | Found a bloodstained altar of Trog.
  5386 | D:6      | Reached XP level 9. HP: 28/55 MP: 9/9
  5403 | D:5      | Reached skill level 9 in Maces & Flails
  5548 | D:6      | Reached ** piety under Okawaru
  5565 | D:6      | Noticed Blork the orc
  5570 | D:6      | Killed Blork the orc
  5749 | D:6      | You fall into a shaft and drop 3 floors!
  5773 | D:9      | Noticed a hornet
  5789 | D:9      | Killed a hornet
  5790 | D:9      | Reached skill level 5 in Shields
  5840 | D:9      | Noticed a hornet
  5878 | D:9      | Killed a hornet
  5880 | D:9      | Noticed an elephant
  5912 | D:8      | Noticed Maggie
  5925 | D:8      | Noticed Gastronok
  5996 | D:8      | Noticed Pikel
  6045 | D:8      | Killed Pikel
  6045 | D:8      | Reached *** piety under Okawaru
  6046 | D:8      | Reached skill level 10 in Maces & Flails
  6138 | D:8      | Noticed a cyclops
  6146 | D:8      | HP: 1/59 [cyclops (14)]
  6148 | D:8      | Mangled by a cyclops

Illustrated notes

Levels and vault maps discovered:
D:1:      lemuel_arrival_tunnels, layout_basic
D:2:      layout_loops_ring, kennysheep_cross_bottleneck, minmay_tromino_i4
D:3:      layout_basic, overflow_temple_1_default, uniq_robin,
          uniq_crazy_yiuf_cottage, uniq_sigmund
D:4:      layout_cave_pools, minmay_temple_entry_gardened_gates,
          enter_ossuary_5, nicolae_shop_sticking_my_neck_out
D:5:      layout_loops_ring, nicolae_wu_jian_immortal_techniques,
          mainiacjoe_overflow_cross_hatched, gammafunk_temple_overflow_elements,
          grunt_decor_arrowhead
D:6:      layout_loops_ring, uniq_blork_the_orc
D:8:      layout_loops_cross, grunt_ministairs_5, nicolae_blasting_shop,
          nicolae_lava_and_water, uniq_maggie, uniq_pikel, uniq_gastronok
D:9:      layout_loops_cross, david_lair_generic, hangedman_misty_isle
Temple:   nicolae_temple_bog_church

Skill      XL: |  1  2  3  4  5  6  7  8  9 |
---------------+----------------------------+-----
Maces & Flails | 3 4 6 7 8 10 | 10.0
Fighting       | 4 6 7 |  7.9
Armour         | 4 5 7 |  7.7
Dodging        | 1 |  1.0
Shields        | 4 5 |  5.7
Stealth        | |  0.5

Action                     |  1- 3 |  4- 6 |  7- 9 || total
---------------------------+-------+-------+-------++-------
  Melee: Flail             |   103 |   167 |       ||   270
         Mace              |       |     4 |   472 ||   476
 Invoke: Heroism           |       |       |     2 ||     2
    Use: Scroll            |       |       |     7 ||     7
         Potion            |       |       |     3 ||     3
 Armour: Scale mail        |    46 |    49 |   178 ||   273
  Dodge: Dodged            |    85 |   107 |   280 ||   472
  Block: Buckler           |    29 |    24 |   107 ||   160

Table legend: (Time is in decaauts)
 A = Elapsed time spent in this place.
 B = Non-inter-level travel time spent in this place.
 C = Inter-level travel time spent in this place.
 D = Time resting spent in this place.
 E = Time spent auto-exploring this place.
 F = Levels seen in this place.
 G = Mean time per level.
                   A        B        C        D        E       F      G
               +--------+--------+--------+--------+--------+-----+--------+
         Total |   6232 |   5770 |    462 |    276 |   4002 |  10 |  623.2 |
       Dungeon |   5906 |   5535 |    371 |    276 |   3918 |   8 |  738.2 |
        Temple |     94 |      3 |     91 |      0 |      0 |   1 |   94.0 |
       Ossuary |    231 |    231 |      0 |      0 |     84 |   1 |  231.0 |
               +--------+--------+--------+--------+--------+-----+--------+

Top non-repeatable levels by time:
     D:5: 1241 daAuts
     D:1: 1235 daAuts
     D:2: 1081 daAuts
     D:3: 1049 daAuts
     D:4: 552 daAuts
     D:6: 354 daAuts
     D:8: 232 daAuts
 Ossuary: 231 daAuts
     D:9: 160 daAuts
  Temple: 94 daAuts
